 Dungeon Crawl Stone Soup version 0.24-a0-434-gd57e52fea8 (webtiles) character file.

Game seed: 14982082821232993710

9416 mhoghedin the Cruncher (level 11, -10/91 HPs)
             Began as a Grey Draconian Conjurer on June 15, 2019.
             Was a Priest of Vehumet.
             Mangled by Snorg (20 damage)
             ... on level 10 of the Dungeon.
             The game lasted 00:22:35 (12258 turns).

mhoghedin the Cruncher (Grey Draconian Conjurer)   Turns: 12258, Time: 00:22:36

Health: -10/91     AC: 20    Str: 11    XL:     11   Next: 22%
Magic:  12/19      EV: 21    Int: 17    God:    Vehumet [***...]
Gold:   266        SH:  0    Dex: 16    Spells: 11/21 levels left

rFire    . . .     SeeInvis +   h - +0 lajatang (vamp) {!w}
rCold    . . .     Gourm    .   (shield currently unavailable)
rNeg     . . .     Faith    .   (armour unavailable)
rPois    .         Spirit   .   (helmet restricted)
rElec    .         Reflect  .   o - scarf {repulsion}
rCorr    .         Harm     .   (no gloves)
MR       +....                  (no boots)
Stlth    +++.......             (no amulet)
HPRegen  0.25/turn              t - ring of protection from magic {MR+, !d}
MPRegen  0.16/turn              l - ring of Robustness {AC+8}

@: agile, about to teleport, hasted, repel missiles, very quick
A: walk through water, unfitting armour, antennae 1, stinger 1, see invisible,
dopey 1, screaming 1, unbreathing, no potion heal 1, cold-blooded, AC +12
a: Renounce Religion


You were on level 10 of the Dungeon.
You worshipped Vehumet.
Vehumet was most pleased with you.
You were very hungry.

You visited 2 branches of the dungeon, and saw 11 of its levels.

You collected 490 gold pieces.
You spent 224 gold pieces at shops.

Inventory:

Hand Weapons
 h - a +0 vampiric lajatang (weapon) {!w}
   (You found it on level 5 of the Dungeon)
Missiles
 m - 2 throwing nets {=f, !d}
Armour
 o - a scarf of repulsion (worn)
   (You found it on level 3 of the Dungeon)
Magical Staves
 f - an uncursed staff of earth
   (You took it off a centaur on level 8 of the Dungeon)
Jewellery
 c - an uncursed ring of resist corrosion
   (You found it on level 7 of the Dungeon)
 l - the ring of Robustness (right hand) {AC+8}
   (You found it on level 7 of the Dungeon)

   [ring of protection]

   It affects your AC (+8).
 t - a ring of protection from magic (left hand) {MR+, !d}
   (You found it on level 8 of the Dungeon)
Wands
 d - a wand of flame (42)
   (You took it off an orc on level 5 of the Dungeon)
 v - a wand of digging (6)
   (You found it on level 9 of the Dungeon)
Scrolls
 a - 3 scrolls of remove curse
 e - 7 scrolls of identify
 g - a scroll of magic mapping {!r}
 i - 3 scrolls of teleportation
 j - a scroll of blinking {unknown}
 k - a scroll of amnesia {unknown}
 q - 2 scrolls of immolation {!r}
 r - 3 scrolls of enchant armour
 u - a scroll of fog {unknown}
Potions
 p - 2 potions of flight {unknown}
 s - a potion of resistance {unknown}
 w - a potion of agility
Comestibles
 b - 12 rations


   Skills:
 + Level 6.9 Fighting
 + Level 11.2 Staves
 + Level 6.1 Dodging
 - Level 1.7 Stealth
   Level 2.6 Shields
 - Level 5.5 Spellcasting
 - Level 7.0 Conjurations
 - Level 4.4 Hexes


You had 11 spell levels left.
You knew the following spells:

 Your Spells              Type           Power        Failure   Level  Hunger
a - Magic Dart            Conj           ####         1%          1    None
b - Searing Ray           Conj           ####..       1%          2    #......
c - Dazzling Spray        Conj/Hex       ###...       1%          3    ##.....
d - Fulminant Prism       Conj/Hex       ###.......   3%          4    ####...

Your spell library contained the following spells:

 Spells                   Type           Power        Failure   Level  Hunger
 Inner Flame              Hex/Fire       ##......     4%          3    ##.....
 Iskenderun's Mystic Bla  Conj           ####....     2%          4    ####...
 Force Lance              Conj/Tloc      ###.....     9%          4    ####...


Dungeon Overview and Level Annotations

Branches:
Dungeon (10/15)            Temple (1/1) D:4
   Lair: D:8-11         Orc: D:9-12

Altars:
Ashenzari
Cheibriados
Dithmenos
Elyvilon
Fedhas
Gozag
Hepliaklqana
Kikubaaqudgha
Makhleb
Nemelex Xobeh
Okawaru
Qazlal
Ru
Sif Muna
Trog
Uskayaw
Vehumet
Wu Jian
Xom
Yredelemnul
Zin
The Shining One

Shops:
D:6 !   D:8 }   D:9 [}*??

Annotations:
D:3 3 runed translucent doors, PeterLawrence's ghost, amateur MiFi
D:10 Nergalle; Snorg


Innate Abilities, Weirdness & Mutations

You can walk through water.
Your dull iron-grey scales are very hard. (AC +12)
You cannot fit into any form of body armour.
You can survive without breathing.
You are cold-blooded and may be slowed by cold attacks.
You have a pair of small antennae on your head.
Your tail ends in a poisonous barb.
You have supernaturally acute eyesight. (SInv)
You are dopey. (Int -2)
You occasionally shout uncontrollably at your foes.
Potions are less effective at restoring your health.


Message History

Health restored: 91; MP restored: 19
Items here: )))) [[[[
Things that are here:
a +0 trident; a +0 robe
n - a potion of haste You open the door.
There is an open door here.
There is a stone staircase leading down here.
There is a stone staircase leading down here.
You are feeling hungry.
You now have 266 gold pieces (gained 11).
There is a stone staircase leading down here.
You open the door.
There is an open door here.
As you open the door, it creaks loudly!
Snorg and a howler monkey come into view.
The howler monkey howls!
Nergalle the Soulbinder comes into view.
She is wielding a +0 dagger.
The howler monkey hoots and howls with incredible vigour!
You conjure a prism of explosive energy!
Nergalle shouts!
Snorg shouts!
A howler monkey comes into view.
You now have 15/19 mp.
You conjure a prism of explosive energy!
An orc comes into view. It is wielding a +0 club.
The howler monkey hoots and howls with incredible vigour!
Your fulminant prism crackles loudly.
You now have 11/19 mp.
Aim: Snorg
Okay, then.
Unknown command.
Something hits your fulminant prism.
An orc comes into view. It is wielding a +0 short sword.
The blast of energy engulfs Snorg!
Vehumet accepts your kill.
You feel a bit more experienced.
The blast of energy engulfs the howler monkey!!
You kill the howler monkey!
Vehumet accepts your kill.
You feel your power returning.
The blast of energy engulfs Nergalle.
Your fulminant prism crackles loudly.
Snorg goes berserk!
The blast of energy engulfs Nergalle.
The blast of energy engulfs the orc!
An orc warrior comes into view. It is wielding a +0 short sword.
Okay, then.
Unknown command.
The spray of energy misses Nergalle.
The spray of energy hits the orc!
You kill the orc!
Vehumet accepts your kill.
You feel your power returning.
The spray of energy hits Snorg.
You are feeling very hungry.
Nergalle drinks a potion.
Nergalle seems to speed up.
You now have 10/19 mp.
You feel yourself speed up. Snorg closely misses you. Snorg claws you!
Snorg claws you but does no damage. Snorg bites you but does no damage.
Snorg claws you but does no damage. Snorg claws you!
You take 26 damage, and have 65/91 hp.
MASSIVE DAMAGE!!
You slash Snorg!
You feel better. Snorg bites you but does no damage.
Snorg completely misses you. Snorg barely misses you.
You regained 4 hp, and now have 69/91 hp.
You barely miss Snorg. Snorg bites you! Snorg claws you. Snorg misses you.
You take 19 damage, and have 50/91 hp.
MASSIVE DAMAGE!!
You hit Snorg but do no damage. You hit Snorg.
You feel better.
Your tail-slap misses Snorg.
Snorg closely misses you. Snorg claws you. x2
You take 5 damage, and have 45/91 hp.
You barely miss Snorg. Snorg barely misses you. Snorg misses you.
Snorg barely misses you.
You hit Snorg but do no damage. You tail-slap Snorg.
Snorg is poisoned.
Snorg misses you. Snorg barely misses you. Snorg closely misses you.
You barely miss Snorg.
Nergalle gestures at you while chanting.
Orcish apparitions take form around you.
Snorg closely misses you. x2; Snorg completely misses you.
You slash Snorg!
You feel better. Snorg bites you! Snorg claws you!!
* * * LOW HITPOINT WARNING * * *
Snorg claws you but does no damage.
You take 25 damage, and have 20/91 hp.
MASSIVE DAMAGE!!
As you read the scroll of teleportation, it crumbles to dust.
You feel strangely unstable.
The spectral orc warrior barely misses you.
Snorg bites you but does no damage. Snorg claws you!
* * * LOW HITPOINT WARNING * * *
Snorg claws you but does no damage.
You take 7 damage, and have 13/91 hp.
You closely miss Snorg.
It was a potion of agility.
You feel agile all of a sudden. Snorg bites you but does no damage.
Snorg claws you!
* * * LOW HITPOINT WARNING * * *
Snorg closely misses you. The spectral orc warrior misses you.
You take 10 damage, and have 3/91 hp.
Unknown command.
You slice Snorg!!
You feel better.
Your tail-slap misses Snorg.
Snorg barely misses you. Snorg claws you!!
You die...

#.###.#
########...#.#
#............# #
#............#
..
#............#
...
#............###
....
##########'#...+
.....
#.#####......
#.ZZ@Too..)..
#######o.....
..... .... ...
.. .


You could see Snorg (berserk), Nergalle, a spectral orc, a spectral orc warrior,
an orc warrior and an orc.

Vanquished Creatures
  Josephine (D:10)
  Harold (D:8)
  A two-headed ogre (D:9)
  An unseen horror (D:10)
  Psyche (D:8)
  A troll (D:10)
  3 hippogriffs
  5 wraiths (D:10)
  A vampire (D:10)
  A wyvern (D:7)
  Grum (D:9)
  A steam dragon (D:9)
  A hungry ghost (D:8)
  2 water moccasins
  2 ice beasts
  2 sky beasts
  5 orc warriors
  3 phantoms
  3 ogres
  An eye of draining (D:8)
  4 wolves (D:9)
  2 centaurs (D:8)
  A crocodile (D:7)
  6 bullfrogs
  4 wights (D:10)
  4 killer bees (D:7)
  3 howler monkeys
  5 hounds
  5 jellies
  A gnoll shaman (D:7)
  2 orc priests
  2 bullfrog skeletons
  9 orc wizards
  2 centaur skeletons
  An iguana (D:5)
  4 worker ants
  A killer bee zombie (D:7)
  4 gnolls (D:7)
  8 adders
  4 shadow imps
  An adder skeleton (D:7)
  An adder zombie (D:5)
  4 worms
  3 dart slugs
  2 leopard geckos
  51 orcs
  5 bats
  8 giant cockroaches
  A goblin (D:2)
  7 hobgoblins
  18 jackals
  4 quokkas
  2 ball pythons
  A ball python zombie (D:6)
  5 frilled lizards
  A jackal skeleton (D:7)
  A jackal zombie (D:6)
  7 kobolds
  A leopard gecko zombie (D:6)
  2 quokka skeletons
  8 rats
  3 fulminant prisms
245 creatures vanquished.

Vanquished Creatures (others)
  43 fulminant prisms
43 creatures vanquished.

Grand Total: 288 creatures vanquished

Notes
Turn   | Place    | Note
-------+----------+-------------------------------------------
     0 | D:1      | mhoghedin the Draconian Conjurer began the quest for the
                  | Orb.
     0 | D:1      | Reached XP level 1. HP: 14/14 MP: 3/3
   470 | D:1      | You fall into a shaft and drop 1 floor!
   665 | D:1      | Reached XP level 2. HP: 20/20 MP: 5/5
  1186 | D:2      | Reached XP level 3. HP: 16/26 MP: 7/7
  1204 | D:2      | Learned a level 2 spell: Searing Ray
  1208 | D:2      | Learned a level 3 spell: Dazzling Spray
  1686 | D:2      | Reached skill level 3 in Spellcasting
  2139 | D:3      | Reached XP level 4. HP: 33/33 MP: 4/8
  2549 | D:3      | Reached skill level 5 in Conjurations
  2629 | D:3      | Reached skill level 1 in Hexes
  2844 | D:3      | Noticed an ice beast
  2853 | D:3      | HP: 7/33 [ice beast (7)]
  3104 | D:3      | Found a runed translucent gate.
  3104 | D:3      | Found a runed translucent gate.
  3106 | D:3      | Found a runed translucent gate.
  3109 | D:3      | Noticed PeterLawrence's ghost (amateur MiFi)
  3332 | D:4      | Found a blossoming altar of Fedhas.
  3423 | D:4      | Reached XP level 5. HP: 29/38 MP: 10/10
  3683 | D:4      | Learned a level 4 spell: Fulminant Prism
  3696 | D:4      | Found a staircase to the Ecumenical Temple.
  3714 | Temple   | Entered the Ecumenical Temple
  3822 | D:4      | Found a radiant altar of Vehumet.
  3829 | D:4      | Reached skill level 2 in Hexes
  3843 | D:4      | Reached XP level 6. HP: 13/45 MP: 6/11
  3843 | D:4      | Reached skill level 4 in Spellcasting
  3846 | D:4      | HP: 11/45 [poisoned by an adder]
  3854 | D:4      | HP: 10/45 [poisoned by an adder]
  4076 | D:4      | Became a worshipper of Vehumet
  4142 | D:4      | Found a shattered altar of Ashenzari.
  4249 | D:4      | Found a shimmering altar of Xom.
  4249 | D:4      | Found a shimmering altar of Xom.
  4379 | D:4      | Noticed an angel
  4380 | D:4      | Found a glowing silver altar of Zin.
  4404 | D:5      | Entered Level 5 of the Dungeon
  5043 | D:5      | Reached skill level 6 in Conjurations
  5050 | D:5      | Reached skill level 3 in Hexes
  5066 | D:5      | Your scales start taking on a dull iron-grey colour.
  5066 | D:5      | Reached XP level 7. HP: 21/50 MP: 3/13
  5066 | D:5      | Gained mutation: You can survive without breathing. [Grey
                  | Draconian growth]
  5366 | D:5      | Reached * piety under Vehumet
  5366 | D:5      | Offered knowledge of Sandblast by Vehumet.
  6011 | D:6      | Found Varaget's Distillery.
  6350 | D:6      | Bought a potion of mutation for 112 gold pieces
  6350 | D:6      | Bought a potion of mutation for 112 gold pieces
  6350 | D:6      | Gained mutation: You are dopey. (Int -2) [potion of
                  | mutation]
  6350 | D:6      | Gained mutation: Potions are less effective at restoring
                  | your health. [potion of mutation]
  6350 | D:6      | Gained mutation: You have supernaturally acute eyesight.
                  | (SInv) [potion of mutation]
  6350 | D:6      | Gained mutation: Your spells are a little harder to cast,
                  | but a little more powerful. [potion of mutation]
  6351 | D:6      | Lost mutation: You are dopey. (Int -2) [potion of mutation]
  6351 | D:6      | Lost mutation: Your spells are a little harder to cast, but
                  | a little more powerful. [potion of mutation]
  6351 | D:6      | Gained mutation: You are dopey. (Int -2) [potion of
                  | mutation]
  6351 | D:6      | Gained mutation: You occasionally shout uncontrollably at
                  | your foes. [potion of mutation]
  6351 | D:6      | Gained mutation: Your tail ends in a poisonous barb.
                  | [potion of mutation]
  6351 | D:6      | Gained mutation: You have a pair of small antennae on your
                  | head. [potion of mutation]
  6518 | D:6      | Found a snail-covered altar of Cheibriados.
  6632 | D:6      | Reached skill level 5 in Spellcasting
  6979 | D:7      | Found a hazy altar of Hepliaklqana.
  6984 | D:7      | Reached skill level 4 in Hexes
  6985 | D:7      | Found a shimmering altar of Xom.
  6985 | D:7      | Noticed a wyvern
  6986 | D:7      | Noticed a wyvern
  6986 | D:7      | Noticed a spectral ugly thing
  7003 | D:7      | Found a deep blue altar of Sif Muna.
  7004 | D:7      | Found a shadowy altar of Dithmenos.
  7163 | D:7      | Reached XP level 8. HP: 57/57 MP: 16/16
  7170 | D:7      | Reached skill level 7 in Conjurations
  7377 | D:6      | Reached skill level 2 in Dodging
  7424 | D:7      | Reached skill level 1 in Fighting
  7424 | D:7      | Reached skill level 1 in Shields
  7666 | D:7      | HP: 15/60 [poisoned by a killer bee]
  7669 | D:7      | HP: 7/60 [poisoned by a killer bee]
  7676 | D:7      | HP: 6/60 [poisoned by a killer bee]
  7683 | D:7      | HP: 5/60 [poisoned by a killer bee]
  7691 | D:6      | HP: 5/60 [poisoned by a killer bee]
  7974 | D:7      | Reached skill level 2 in Fighting
  7981 | D:7      | Reached skill level 2 in Shields
  8035 | D:7      | Offered knowledge of Throw Flame by Vehumet.
  8060 | D:7      | Reached skill level 3 in Dodging
  8199 | D:7      | Reached skill level 3 in Fighting
  8335 | D:7      | Reached skill level 1 in Staves
  8338 | D:7      | Reached skill level 2 in Staves
  8719 | D:7      | Reached skill level 3 in Staves
  8727 | D:7      | Reached skill level 4 in Staves
  8727 | D:7      | Reached XP level 9. HP: 46/69 MP: 7/17
  9114 | D:7      | Found an ornate altar of the Wu Jian Council.
  9211 | D:7      | Found the ring of Robustness {AC+8}
  9449 | D:8      | Reached skill level 5 in Staves
  9488 | D:8      | Reached skill level 6 in Staves
  9655 | D:8      | Found a burning altar of Makhleb.
  9726 | D:8      | Noticed Harold
  9727 | D:8      | Noticed Psyche
  9729 | D:8      | Reached ** piety under Vehumet
  9735 | D:8      | Killed Psyche
  9735 | D:8      | Reached skill level 7 in Staves
  9743 | D:8      | Killed Harold
  9743 | D:8      | Reached skill level 9 in Staves
 10168 | D:8      | Reached XP level 10. HP: 70/77 MP: 18/18
 10195 | D:8      | Found an ancient bone altar of Kikubaaqudgha.
 10354 | D:8      | Found Roumn's Gadget Boutique.
 10624 | D:9      | Reached skill level 10 in Staves
 10662 | D:9      | Offered knowledge of Static Discharge by Vehumet.
 10712 | D:9      | Noticed Grum
 10717 | D:9      | Reached skill level 4 in Fighting
 10720 | D:9      | Reached skill level 4 in Dodging
 10735 | D:9      | HP: 10/79 [Grum/-2 halberd (19)]
 10743 | D:9      | HP: 4/79 [steam dragon] (10)]
 10743 | D:9      | Killed Grum
 10743 | D:9      | Reached *** piety under Vehumet
 11114 | D:9      | Found a sacrificial altar of Ru.
 11168 | D:9      | Noticed a two-headed ogre
 11183 | D:9      | Killed a two-headed ogre
 11183 | D:9      | Reached skill level 5 in Fighting
 11260 | D:9      | Found Yfaagg Tane's Magic Scroll Emporium.
 11287 | D:9      | Found Nunesav's Magic Scroll Shoppe.
 11379 | D:9      | Found Juhionlo's General Store.
 11390 | D:9      | Found Aphuj's Armour Shop.
 11442 | D:9      | Found Hoili's Gadget Shoppe.
 11509 | D:10     | Entered Level 10 of the Dungeon
 11579 | D:10     | Reached skill level 5 in Dodging
 11711 | D:10     | Noticed an unseen horror
 11734 | D:10     | Killed an unseen horror
 11780 | D:10     | Reached skill level 6 in Fighting
 11889 | D:10     | Noticed Josephine
 11901 | D:10     | Reached XP level 11. HP: 89/89 MP: 5/19
 11902 | D:10     | Offered knowledge of Inner Flame by Vehumet.
 11902 | D:10     | Reached skill level 11 in Staves
 11916 | D:10     | Killed Josephine
 11916 | D:10     | Reached skill level 6 in Dodging
 12239 | D:10     | Noticed Snorg
 12239 | D:10     | Noticed Nergalle
 12254 | D:10     | HP: 20/91 [Snorg (21)]
 12257 | D:10     | HP: 3/91 [Snorg (10)]
 12258 | D:10     | Mangled by Snorg

Levels and vault maps discovered:
D:1:      eino_arrival_cavern_e, layout_basic
D:2:      layout_rooms
D:3:      layout_loops_ring, first_ration, gammafunk_ghost_necromancy
D:4:      layout_basic, fedhas_altar_1, cheibrodos_ashenzari_chains,
          vehumet_crystals, zin_angel, minmay_temple_entry_mini_moons,
          xom_redecorated
D:5:      layout_loops_ring
D:6:      layout_loops_corners, kennysheep_slug_shrine, serial_shops,
          nicolae_shop_window_shopping
D:7:      layout_gridville, regret_index_temple_of_mockery,
          nicolae_overflow_hidden_temple, lemuel_crystal_altar,
          kennysheep_little_box, grunt_ogre_cave
D:8:      layout_loops_corners, bloody_makhleb, marbit_many_paths, serial_shops,
          shop, uniq_psyche, uniq_harold
D:9:      layout_rooms, serial_shops, shop, shop, shop,
          nicolae_shop_competitors_out_of_business, nicolae_shop_behind_doors,
          hangedman_ru_absence, uniq_grum
D:10:     layout_basic, serial_shops, shop, uniq_josephine, uniq_nergalle,
          uniq_snorg, uniq_fannar
Temple:   compressed_dpeg_circular_temple

Skill      XL: |  1  2  3  4  5  6  7  8  9 10 11 |
---------------+----------------------------------+-----
Spellcasting   | 3 4 5 |  5.5
Conjurations   | 5 6 7 |  7.0
Hexes          | 1 2 3 4 |  4.4
Dodging        | 3 5 6 |  6.1
Fighting       | 3 6 |  6.9
Shields        | 2 |  2.6
Staves         | 4 9 10 11 | 11.2
Stealth        | |  1.7

Action                   |  1- 3 |  4- 6 |  7- 9 | 10-12 || total
-------------------------+-------+-------+-------+-------++-------
Melee: Hand axe          |   106 |       |       |       ||   106
       Tailslap          |    10 |    17 |    27 |    22 ||    76
       Unarmed           |     3 |       |       |       ||     3
       Spear             |    13 |   184 |   128 |       ||   325
       Lajatang          |       |       |   107 |   234 ||   341
 Cast: Magic Dart        |     9 |    12 |     4 |       ||    25
       Searing Ray       |     4 |    14 |     5 |     1 ||    24
       Fulminant Prism   |       |     4 |    23 |    19 ||    46
       Dazzling Spray    |       |       |    21 |     5 ||    26
Evoke: Wand              |       |       |     1 |       ||     1
  Use: Scroll            |       |     1 |     9 |     3 ||    13
       Potion            |       |     3 |     7 |     4 ||    14
 Stab: Sleeping          |     1 |     2 |     1 |     1 ||     5
       Distracted        |     1 |       |     1 |       ||     2
       Invisible         |       |       |     4 |       ||     4
  Eat: Chunk             |     4 |     7 |    14 |     6 ||    31
       Ration            |       |     1 |     3 |     1 ||     5
Armor: Skin              |    68 |    66 |    98 |   137 ||   369
Dodge: Dodged            |   106 |   137 |   196 |   236 ||   675
       Deflected         |       |       |     1 |     1 ||     2
Block: Buckler           |       |    11 |    26 |       ||    37

Table legend:
 A = Non-vault XP
 B = Vault XP
 C = Vault XP percentage of total XP
 D = Non-vault monster count
 E = Vault monster count
 F = Vault count percentage of total count
                 A         B        C        D         E       F
            +---------+---------+-------+---------+---------+-------
      Total |    9057 |    4395 |  32.7 |     226 |      16 |   6.6
            +---------+---------+-------+---------+---------+-------
        D:1 |      18 |       0 |   0.0 |      12 |       0 |   0.0
        D:2 |      72 |       0 |   0.0 |      26 |       0 |   0.0
        D:3 |      72 |       0 |   0.0 |      31 |       0 |   0.0
        D:4 |     263 |       0 |   0.0 |      19 |       0 |   0.0
        D:5 |     365 |       0 |   0.0 |      22 |       0 |   0.0
        D:6 |     462 |       4 |   0.9 |      18 |       1 |   5.3
        D:7 |    1708 |     122 |   6.7 |      30 |       1 |   3.2
        D:8 |    1556 |    1501 |  49.1 |      25 |       3 |  10.7
        D:9 |    2306 |     641 |  21.8 |      26 |       5 |  16.1
       D:10 |    2235 |    2127 |  48.8 |      17 |       6 |  26.1
            +---------+---------+-------+---------+---------+-------

Levels and vault maps discovered:
D:1:      eino_arrival_cavern_e, layout_basic
D:2:      layout_rooms
D:3:      layout_loops_ring, first_ration, gammafunk_ghost_necromancy
D:4:      layout_basic, fedhas_altar_1, cheibrodos_ashenzari_chains,
          vehumet_crystals, zin_angel, minmay_temple_entry_mini_moons,
          xom_redecorated
D:5:      layout_loops_ring
D:6:      layout_loops_corners, kennysheep_slug_shrine, serial_shops,
          nicolae_shop_window_shopping
D:7:      layout_gridville, regret_index_temple_of_mockery,
          nicolae_overflow_hidden_temple, lemuel_crystal_altar,
          kennysheep_little_box, grunt_ogre_cave
D:8:      layout_loops_corners, bloody_makhleb, marbit_many_paths, serial_shops,
          shop, uniq_psyche, uniq_harold
D:9:      layout_rooms, serial_shops, shop, shop, shop,
          nicolae_shop_competitors_out_of_business, nicolae_shop_behind_doors,
          hangedman_ru_absence, uniq_grum
D:10:     layout_basic, serial_shops, shop, uniq_josephine, uniq_nergalle,
          uniq_snorg, uniq_fannar
Temple:   compressed_dpeg_circular_temple

Table legend:
 A = Turns spent in this place as a percentage of turns spent in the entire game.
 B = Non-inter-level travel turns spent in this place as a percentage of non-inter-level travel turns spent in the entire game.
 C = Inter-level travel turns spent in this place as a percentage of turns spent in this place.
 D = Turns resting spent in this place as a percentage of non-inter-level travel turns spent in this place.
 E = Turns spent auto-exploring this place as a percentage of non-inter-level travel turns spent in this place.
 F = Non-inter-level travel turns spent in this place divided by the number of levels of this place that you've seen.
                   A       B       C       D       E      F
               +-------+-------+-------+-------+-------+----------------------
         Total | 100.0 | 100.0 |   2.5 |  39.3 |  43.2 | 1086.6
       Dungeon |  99.3 |  99.4 |   2.4 |  39.6 |  42.8 | 1187.9
        Temple |   0.7 |   0.6 |   9.8 |   0.0 |  98.6 |  74.0
               +-------+-------+-------+-------+-------+----------------------

Table legend:
 A = Kills in this place as a percentage of kills in entire the game.
 B = Kills by you in this place as a percentage of kills by you in the entire game.
 C = Kills by friends in this place as a percentage of kills by friends in the entire game.
 D = Other kills in this place as a percentage of other kills in the entire game.
 E = Experience gained in this place as a percentage of experience gained in the entire game.
 F = Experience gained in this place divided by the number of levels of this place that you have seen.
                   A       B       C       D       E      F
               +-------+-------+-------+-------+-------+----------------------
         Total | 100.0 | 100.0 |   N/A |   N/A | 100.0 | 1222.9
       Dungeon | 100.0 | 100.0 |   N/A |   N/A | 100.0 | 1345.2
               +-------+-------+-------+-------+-------+----------------------
